 Dungeon Crawl Stone Soup version 0.20.0-10-g0535bb4 (webtiles) character file.

3779 Gorglomux the Cleaver (level 10, 0/91 HPs)
             Began as a Hill Orc Summoner on June 6, 2017.
             Was a Priest of Beogh.
             Slain by an orc warrior
             ... wielding a +0 spear
              (7 damage)
             ... in a bailey on June 7, 2017.
             The game lasted 00:23:44 (9943 turns).

Gorglomux the Cleaver (Hill Orc Summoner)           Turns: 9943, Time: 00:23:46

Health: 0/91       AC: 11    Str: 22    XL:     10   Next: 16%
Magic:  12/12      EV: 15    Int: 13    God:    Beogh [***...]
Gold:   524        SH:  0    Dex: 16    Spells: 9/12 levels left

rFire    + . .     SeeInvis .   R - +0 war axe (curse)
rCold    . . .     Gourm    .   (no shield)
rNeg     . . .     Faith    .   o - +4 ring mail
rPois    .         Spirit   .   (helmet restricted)
rElec    .         Reflect  .   (no cloak)
rCorr    .         Harm     .   g - +0 pair of gloves
MR       .....                  (no boots)
Stlth    ++........             (no amulet)
Regen    0.3/turn               f - ring of protection from fire
MPRegen  0.2/turn               (no ring)

@: mighty, agile, heavily drained
A: antennae 1, hooves 1, dopey 1, strong 1
a: Smiting, Renounce Religion


You were in a bailey.
You worshipped Beogh.
Beogh was most pleased with you.
You were hungry.

You visited 1 branch of the dungeon, and saw 8 of its levels.
You also visited: Bailey.

You collected 524 gold pieces.

Inventory:

Hand Weapons
 a - a +1 dagger of draining
 b - a +0 hand axe
 R - a cursed +0 war axe (weapon)
 S - a +2 antimagic spear
Armour
 g - a +0 pair of gloves (worn)
 m - a +0 robe
 o - a +4 ring mail (worn)
Jewellery
 f - a ring of protection from fire (left hand)
Wands
 A - a wand of acid (6/15)
 D - a wand of digging (5/24)
 I - a wand of iceblast (4/15)
Scrolls
 j - 2 scrolls of enchant armour
 q - 7 scrolls of amnesia
 x - a scroll of blinking {unknown}
 y - a scroll of vulnerability {unknown}
 B - a scroll of immolation {unknown}
 F - 2 scrolls of recharging
 K - 2 scrolls of fear {unknown}
 M - a scroll of torment
 O - 3 scrolls of remove curse
 T - 2 scrolls of teleportation
 U - 2 scrolls of enchant weapon {unknown}
 V - 2 scrolls of magic mapping {unknown}
 Y - a scroll of silence {unknown}
 Z - a scroll of random uselessness {unknown}
Potions
 i - a potion of mutation {!q}
 k - 2 potions of haste
 l - a potion of brilliance
 w - 2 potions of resistance {unknown}
 C - a potion of agility
 E - 3 potions of heal wounds
 G - a potion of flight
 L - a potion of ambrosia
 N - a potion of invisibility {unknown}
 Q - 5 potions of curing
 W - a potion of magic
Books
 P - a book of Callings

   Spells                             Type                      Level
   a - Summon Small Mammal            Summoning                    1
   b - Call Imp                       Summoning                    2
   c - Call Canine Familiar           Summoning                    3
   d - Summon Guardian Golem          Hexes/Summoning              3
   e - Summon Lightning Spire         Summoning/Air                4
   f - Summon Ice Beast               Ice/Summoning                4
Comestibles
 h - 3 fruits
 z - 3 meat rations
 H - a bread ration
 X - 3 royal jellies


   Skills:
 - Level 9.1(7.6) Fighting
 + Level 11.2(9.6) Axes
 - Level 8.3(6.8) Armour
 - Level 1.5(0.3) Dodging
 - Level 1.5(0.3) Stealth
 - Level 1.5(0.3) Spellcasting
 - Level 4.0(2.6) Summonings
 - Level 3.8(2.5) Invocations


You had 9 spell levels left.
You knew the following spells:

 Your Spells              Type           Power        Failure   Level  Hunger
a - Summon Small Mammal   Summ           #...         16%         1    ##.....
b - Call Imp              Summ           #.......     22%         2    ###....


Dungeon Overview and Level Annotations

Branches:
Dungeon (8/15)             Temple (0/1) D:5
   Lair: D:8-11

Altars:
Elyvilon
Fedhas
Kikubaaqudgha
Makhleb
Okawaru
Qazlal
Sif Muna
Trog
Zin
The Shining One

Annotations:
D:2 Robin, Sigmund


Innate Abilities, Weirdness & Mutations

You have a pair of small antennae on your head.
You have large cloven feet.
You are dopey. (Int -2)
Your muscles are strong. (Str +2)


Message History

You swap places.
The orc knight hits you from afar with a glaive!!
The orc warrior hits you with a spear!!
* * * LOW HITPOINT WARNING * * *
Your orc closely misses the orc warrior.
Your orc hits the orc warrior but does no damage.
The orc warrior hits you from afar with a glaive!
* * * LOW HITPOINT WARNING * * *
Your orc hits the orc with a war axe.
Your orc hits the orc warrior but does no damage.
Your orc closely misses the orc warrior.
The orc warrior hits your orc with a glaive!!!
Your orc dies!
The orc warrior shouts! x2
Unknown command.
Unknown command.
Unknown command.
The orc warrior hits you from afar with a spear!
You die...
Beogh appreciates the orc warrior's killing of a heretic priest.

####### #######
##.....#########)....##
+...o.oo#.....#.......##
+.)ooooo'.....'.).....#.
+..)oo.@'.....'.......'.
+..)o.o.'.....'.)..)).#.
+.......#.....#.).))..##
##.....#########.....##
####### #######


You could see an orc knight, 3 orc warriors, 2 orcs, a friendly orc warrior and
5 friendly orcs.

Vanquished Creatures
  Pikel (D:4)
  Eustachio (D:4)
  A hungry ghost (D:4)
  Menkaure (D:6)
  Duvessa (D:6)
  A water moccasin (D:7)
  An ice beast (D:5)
  2 sky beasts
  An ogre (D:4)
  A phantom (D:4)
  2 centaurs
  A big kobold (D:8)
  Blork the orc (D:6)
  2 bullfrogs (D:6)
  A gnoll sergeant (D:5)
  Dowan (D:6)
  12 killer bees
  2 howler monkeys
  3 crimson imps
  2 bullfrog zombies
  2 hounds (D:5)
  2 bullfrog skeletons
  2 centaur skeletons
  An iguana (D:7)
  3 worker ants (D:7)
  2 hound zombies (D:6)
  A mummy (D:4)
  A worker ant zombie (D:6)
  8 gnolls
  7 adders
  2 shadow imps
  2 oozes
  An adder zombie (D:6)
  3 worms (D:2)
  4 dart slugs
  3 leopard geckos
  3 orcs
  A ball python (D:3)
  6 bats
  10 goblins
  4 hobgoblins
  4 jackals (D:5)
  3 quokkas
  2 frilled lizards
  A jackal skeleton (D:6)
  A jackal zombie (D:7)
  10 kobolds
  A leopard gecko skeleton (D:4)
  A leopard gecko zombie (D:6)
  A quokka skeleton (D:6)
  3 rats
133 creatures vanquished.

Vanquished Creatures (collateral kills)
  4 orc warriors (Bailey)
  A sky beast (D:5)
  An ogre (D:4)
  A jelly (D:5)
  A crimson imp (D:4)
  2 bullfrog zombies (D:6)
  A hound (D:5)
  A worker ant (D:6)
  An adder (D:4)
  6 orcs
  2 goblins (D:1)
  A frilled lizard (D:3)
  A leopard gecko zombie (D:6)
23 creatures vanquished.

Vanquished Creatures (others)
  A slave (D:4)
  A worker ant (D:4)
  17 orcs
19 creatures vanquished.

Grand Total: 175 creatures vanquished

Notes
Turn   | Place    | Note
-------+----------+-------------------------------------------
     0 | D:1      | Gorglomux the Hill Orc Summoner began the quest for the Orb.
     0 | D:1      | Reached XP level 1. HP: 14/14 MP: 3/3
   151 | D:1      | Reached skill level 1 in Fighting
   201 | D:1      | Reached XP level 2. HP: 19/24 MP: 4/4
   890 | D:1      | Reached skill level 3 in Fighting
   929 | D:2      | Reached XP level 3. HP: 25/31 MP: 5/5
  1062 | D:2      | Noticed Robin
  1162 | D:2      | Learned a level 2 spell: Call Imp
  1392 | D:2      | Reached skill level 1 in Armour
  1501 | D:2      | Noticed Sigmund
  1580 | D:4      | Noticed a phantom
  1645 | D:3      | Reached XP level 4. HP: 40/40 MP: 6/6
  1725 | D:3      | Became a worshipper of Beogh the Brigand
  1743 | D:3      | Found a white marble altar of Elyvilon.
  1743 | D:3      | Found a glowing silver altar of Zin.
  1743 | D:3      | Found a glowing golden altar of the Shining One.
  2240 | D:4      | Killed a phantom
  2240 | D:4      | Reached XP level 5. HP: 27/47 MP: 4/7
  2305 | D:4      | Found a sand-covered staircase.
  2474 | D:4      | Noticed a slave
  2475 | D:4      | Noticed a slave
  2475 | D:4      | Noticed Pikel
  2476 | D:4      | Noticed a slave
  2484 | D:4      | Noticed a slave
  2877 | D:4      | Killed Pikel
  2877 | D:4      | Reached XP level 6. HP: 49/60 MP: 8/8
  2877 | D:4      | Reached XP level 7. HP: 54/66 MP: 9/9
  2936 | D:4      | Noticed a hungry ghost
  3004 | D:4      | Paralysed by fainting for 8 turns
  3072 | D:4      | Killed a hungry ghost
  3215 | D:4      | Noticed Eustachio
  3245 | D:4      | Killed Eustachio
  3245 | D:4      | Reached skill level 6 in Armour
  3245 | D:4      | Reached XP level 8. HP: 48/74 MP: 8/10
  3927 | D:5      | Entered Level 5 of the Dungeon
  3947 | D:5      | Found a staircase to the Ecumenical Temple.
  3979 | D:5      | Reached * piety under Beogh
  4375 | D:5      | Reached skill level 9 in Fighting
  4817 | D:5      | Reached skill level 1 in Invocations
  5502 | D:5      | Reached skill level 3 in Invocations
  5502 | D:5      | Reached XP level 9. HP: 51/83 MP: 6/11
  6018 | D:6      | Reached skill level 1 in Axes
  6023 | D:6      | Reached ** piety under Beogh
  6053 | D:6      | Noticed Menkaure
  6067 | D:6      | Killed Menkaure
  6067 | D:6      | Reached skill level 3 in Axes
  6349 | D:6      | Reached skill level 4 in Axes
  6506 | D:6      | Noticed Blork the orc
  6506 | D:6      | Noticed Duvessa
  6506 | D:6      | Noticed Dowan
  6520 | D:6      | Killed Dowan
  6525 | D:6      | Killed Duvessa
  6525 | D:6      | Reached skill level 5 in Axes
  6550 | D:6      | Gained mutation: Your muscles are strong. (Str +2) [potion of mutation]
  6550 | D:6      | Gained mutation: You are dopey. (Int -2) [potion of mutation]
  6550 | D:6      | Gained mutation: You have a pair of small antennae on your head. [potion of mutation]
  6550 | D:6      | Gained mutation: You have large cloven feet. [potion of mutation]
  6557 | D:6      | Killed Blork the orc
  6819 | D:6      | Reached skill level 6 in Axes
  7223 | D:7      | Reached skill level 7 in Axes
  7611 | D:7      | Reached skill level 8 in Axes
  8203 | D:7      | Reached skill level 9 in Axes
  8458 | D:7      | Found a bloodstained altar of Trog.
  8459 | D:7      | Found a blossoming altar of Fedhas.
  8461 | D:7      | Found a stormy altar of Qazlal.
  8464 | D:7      | Found a deep blue altar of Sif Muna.
  8465 | D:7      | Found an iron altar of Okawaru.
  8469 | D:7      | Found a burning altar of Makhleb.
  8470 | D:7      | Found an ancient bone altar of Kikubaaqudgha.
  8924 | D:8      | Found a flagged portal.
  8987 | D:8      | Reached skill level 10 in Axes
  8987 | D:8      | Reached XP level 10. HP: 73/91 MP: 12/12
  8991 | D:8      | Reached *** piety under Beogh
  9429 | Bailey   | Entered a bailey
  9449 | Bailey   | Reached skill level 11 in Axes
  9936 | Bailey   | Noticed an orc knight
  9943 | Bailey   | Slain by an orc warrior

Skill      XL: |  1  2  3  4  5  6  7  8  9 10 |
---------------+-------------------------------+-----
Fighting       | 1 3 4 7 8 9 |  9.1
Armour         | 1 2 5 6 8 |  8.3
Invocations    | 3 |  3.8
Axes           | 10 11 | 11.2
Dodging        | |  1.5
Stealth        | |  1.5
Spellcasting   | |  1.5
Summonings     | |  4.0

Action                   |  1- 3 |  4- 6 |  7- 9 | 10-12 || total
-------------------------+-------+-------+-------+-------++-------
Melee: Short sword       |    23 |    43 |       |       ||    66
       Unarmed           |     4 |       |       |       ||     4
       Dagger            |    75 |    71 |   155 |     9 ||   310
       Whip              |       |       |   435 |       ||   435
       Hand axe          |       |       |   268 |    50 ||   318
       Kick              |       |       |    65 |    11 ||    76
       Spear             |       |       |    30 |       ||    30
 Cast: Summon Small Mamm |     7 |     1 |       |       ||     8
       Call Imp          |     1 |     2 |    30 |     1 ||    34
Invok: Convert to Beogh  |       |     1 |       |       ||     1
Evoke: Wand              |       |       |     9 |     6 ||    15
  Use: Scroll            |       |       |     6 |     5 ||    11
       Potion            |       |       |     7 |     2 ||     9
 Stab: Distracted        |       |       |     2 |       ||     2
  Eat: Chunk             |     3 |     1 |    18 |       ||    22
       Meat ration       |       |     1 |     1 |       ||     2
       Bread ration      |       |       |     4 |       ||     4
       Royal jelly       |       |       |     1 |       ||     1
Armor: Robe              |     9 |       |       |       ||     9
       Ring mail         |    26 |    38 |   537 |    36 ||   637
       Skin              |       |       |    54 |       ||    54
Dodge: Dodged            |    64 |    51 |   505 |    51 ||   671
